 Dungeon Crawl Stone Soup version 0.25-b1-46-gb8a1ec05df (webtiles) character file.

Game seed: 2953925526785836905

13143 snowfan the Thaumaturge (level 11, -17/79 HPs)
             Began as a Mummy Fire Elementalist on June 10, 2020.
             Was an Elder of Vehumet.
             Shot with an arrow by Nessos (25 damage)
             ... on level 12 of the Dungeon on June 11, 2020.
             The game lasted 01:18:35 (20863 turns).

snowfan the Thaumaturge (Mummy Fire Elementalist)  Turns: 20863, Time: 01:18:36

Health: -17/79     AC:  7    Str: 11    XL:     11   Next: 71%
Magic:  14/27      EV: 16    Int: 17    God:    Vehumet [****..]
Gold:   1136       SH:  0    Dex: 14    Spells: 13/34 levels left

rFire    x . .     SeeInvis +   o - +0 hunting sling
rCold    + + .     Gourm    .   (no shield)
rNeg     + + +     Faith    .   J - +0 leather armour {rC+}
rPois    ∞         Spirit   .   (no helmet)
rElec    .         Reflect  .   O - +1 cloak {rPois}
rCorr    .         Harm     .   (no gloves)
MR       +....                  n - +0 pair of boots
Stlth    ++........             q - amulet of magic regeneration
HPRegen  0.23/turn              e - +4 ring of evasion
MPRegen  0.45/turn              L - ring of see invisible

@: no status effects
A: no food or potions, fire vulnerability, cold resistance 1, negative energy
resistance 3, torment resistance, unbreathing
a: Renounce Religion


You were on level 12 of the Dungeon.
You worshipped Vehumet.
Vehumet was greatly pleased with you.
You were not hungry.

You visited 2 branches of the dungeon, and saw 13 of its levels.
You also visited: Sewer.

You collected 1136 gold pieces.

Inventory:

Hand Weapons
 g - a +0 dagger
 o - a +0 hunting sling (weapon)
Missiles
 d - 382 stones (quivered)
 f - 95 sling bullets
Armour
 n - a +0 pair of boots (worn)
 t - the +1 pair of gloves of Dim Light {Stlth+}
   (You found it on level 4 of the Dungeon)

   It makes you more stealthy.
 J - a +0 leather armour of cold resistance (worn)
 O - a +1 cloak of poison resistance (worn)
Magical Staves
 s - an uncursed staff of cold
Jewellery
 e - a +4 ring of evasion (left hand)
 l - an uncursed amulet of guardian spirit
 q - an amulet of magic regeneration (around neck)
 r - an uncursed amulet of faith
 w - a +6 ring of dexterity
 x - an uncursed ring of stealth
 C - an uncursed amulet of regeneration
 D - a cursed ring of teleportation
 E - an uncursed ring of wizardry
 L - a ring of see invisible (right hand)
 N - an uncursed ring of resist corrosion
Wands
 m - a wand of paralysis (8)
 u - a wand of iceblast (20)
 z - a wand of random effects (16)
 A - a wand of acid (10)
 B - a wand of polymorph (8)
Scrolls
 b - 6 scrolls of identify
 c - 8 scrolls of remove curse
 i - 5 scrolls of fog
 j - 5 scrolls of teleportation
 k - a scroll of enchant weapon
 p - 3 scrolls of immolation
 v - 2 scrolls of magic mapping {unknown}
 y - 3 scrolls of amnesia {unknown}
 F - a scroll of enchant armour {unknown}
 G - a scroll of fear
 K - a scroll of brand weapon {unknown}
 M - a scroll of vulnerability {unknown}
Miscellaneous
 H - a tin of tremorstones (3/3)


   Skills:
 - Level 5.1 Fighting
 - Level 6.0 Armour
 - Level 1.5 Dodging
 - Level 1.5 Stealth
 + Level 12.2 Spellcasting
 + Level 8.0 Conjurations
 + Level 8.4 Fire Magic


You had 13 spell levels left.
You knew the following spells:

 Your Spells              Type           Power        Failure   Level  Hunger
a - Foxfire               Conj/Fire      ####         1%          1    N/A
b - Iskenderun's Mystic   Conj/Tloc      ###.....     4%          4    N/A
c - Sticky Flame          Conj/Fire      #####...     1%          4    N/A
d - Conjure Flame         Conj/Fire      #####...     1%          3    N/A
f - Fireball              Conj/Fire      #####.....   2%          5    N/A
s - Shock                 Conj/Air       ###.         1%          1    N/A
x - Inner Flame           Hex/Fire       ###.....     1%          3    N/A

Your spell library contained the following spells:

 Spells                   Type           Power        Failure   Level  Hunger
 Stone Arrow              Conj/Erth      ###...       1%          3    N/A
 Sandblast                Erth           ##....       2%          1    N/A
 Passwall                 Tmut/Erth      ##......     13%         2    N/A
 Lee's Rapid Deconstruct  Erth           ##........   50%         5    N/A
 Petrify                  Tmut/Erth      ##......     65%         4    N/A

Dungeon Overview and Level Annotations

Branches:
Dungeon (12/15)            Temple (1/1) D:4            Lair (0/6) D:10
    Orc (0/2) D:11          Sewer (visited)

Altars:
Ashenzari
Cheibriados
Dithmenos
Elyvilon
Fedhas
Gozag
Hepliaklqana
Kikubaaqudgha
Makhleb
Nemelex Xobeh
Okawaru
Qazlal
Ru
Sif Muna
Trog
Uskayaw
Vehumet
Wu Jian
Xom
Yredelemnul
Zin
The Shining One
Beogh

Shops:
D:10 ((

Annotations:
D:9 2 transporters, p0werm0de's ghost, novice DDFi
D:12 Nessos


Innate Abilities, Weirdness & Mutations

You do not eat or drink.
Your flesh is vulnerable to fire.
You are immune to poison.
Your flesh is cold resistant. (rC+)
You are immune to negative energy. (rN+++)
You are immune to unholy pain and torment.
You can survive without breathing.


Message History

Nessos is moderately wounded.
Nessos blinks!
Casting: Fireball (dangerous; 2% risk of failure)
Confirm with . or Enter, or press ? or * to list all spells.
Aiming: Fireball (dangerous; 2% risk of failure)
Press: ? - help, Shift-Dir - straight line, f/p - Nessos
Aim: Nessos, wielding a +2 longbow of flaming, wearing a +0 centaur barding and quivering 12 arrows (moderately wounded)
The fireball explodes!
The fireball engulfs Nessos.
Nessos is moderately wounded.
Nessos casts a spell.
Nessos seems to speed up.
Nessos shoots an arrow.
The arrow hits you!! The arrow burns you.
Nessos shoots an arrow.
The arrow hits you!!
* * * LOW HITPOINT WARNING * * *
The arrow burns you!
* * * LOW HITPOINT WARNING * * *
You see here an arrow.
As you read the scroll of fog, it crumbles to dust.
The scroll dissolves into smoke.
Nessos shoots an arrow.
The arrow hits you!!
You die...

.....##...# #..# #.....(.....
.....##...#####..# #......#####
.....##..........# #......# #
.....##..........# #....<.# #
.....##..........# #<..().# #
....†##........>.#####......# #
....†##..........[...(......# #
.....##........§§§....).....# #
.....##........§@§..........# #
.....##...c....§§§..........# #
.....##..........)......##..# #
......................).##..# #
........................##..# #
........................##..#####
........................##.......
........................##.......
........................##..#####


You could see Nessos (fast).

Vanquished Creatures
  A hydra (D:12)
  A two-headed ogre (D:12)
  Nergalle (D:11)
  2 deep elf magi
  Maurice (D:12)
  5 slime creatures
  A spriggan (D:7)
  A shadow (D:12)
  8 yaks
  3 hungry ghosts
  A water moccasin (D:6)
  A porcupine (D:10)
  5 ice beasts
  8 orc warriors
  2 black bears
  2 sky beasts
  An eye of draining (D:11)
  2 phantoms
  2 necrophages (D:9)
  5 centaurs
  7 ogres
  3 big kobolds
  8 bullfrogs
  A gnoll sergeant (D:10)
  5 scorpions
  9 wights
  13 killer bees
  4 howler monkeys
  4 crimson imps
  4 centaur zombies
  A bullfrog zombie (D:11)
  8 hounds
  2 centaur skeletons
  4 orc priests
  5 orc wizards
  2 bullfrog skeletons
  A jelly (D:8)
  2 iguanas
  Natasha (D:2)
  7 worker ants
  19 gnolls
  12 adders
  A howler monkey skeleton (D:9)
  2 shadow imps
  4 oozes
  2 adder skeletons (D:4)
  2 adder zombies
  4 worms
  3 dart slugs
  7 leopard geckos
  59 orcs
  3 ball pythons
  6 giant cockroaches
  10 goblins
  20 hobgoblins
  3 jackals (Sewer)
  5 quokkas
  A bat (D:2)
  5 frilled lizards
  23 kobolds
  11 rats
346 creatures vanquished.

Vanquished Creatures (collateral kills)
  A frilled lizard (D:4)
  A kobold (D:3)
2 creatures vanquished.

Vanquished Creatures (others)
  1001 foxfires
  2 fungi (D:10)
  4 toadstools (D:10)
1007 creatures vanquished.

Grand Total: 1355 creatures vanquished

Notes
Turn   | Place    | Note
-------+----------+-------------------------------------------
     0 | D:1      | snowfan the Mummy Fire Elementalist began the quest for the
                  | Orb.
     0 | D:1      | Reached XP level 1. HP: 13/13 MP: 4/4
   227 | D:1      | Reached skill level 3 in Spellcasting
   338 | D:1      | Reached XP level 2. HP: 19/19 MP: 3/6
   723 | D:1      | Reached skill level 4 in Spellcasting
  1170 | D:2      | Reached XP level 3. HP: 24/24 MP: 5/9
  1622 | D:2      | Reached skill level 5 in Spellcasting
  2027 | D:2      | Found a burning altar of Makhleb.
  2033 | D:2      | Noticed a blizzard demon
  2052 | D:2      | Noticed Natasha
  2062 | D:2      | Killed Natasha
  2062 | D:2      | Reached XP level 4. HP: 30/30 MP: 5/11
  2568 | D:3      | Reached skill level 6 in Spellcasting
  2966 | D:3      | Reached skill level 1 in Conjurations
  3292 | D:3      | Reached XP level 5. HP: 31/35 MP: 8/13
  3809 | D:4      | Noticed an ogre
  3817 | D:4      | Killed an ogre
  3817 | D:4      | Reached XP level 6. HP: 41/41 MP: 10/15
  3979 | D:4      | Reached skill level 7 in Spellcasting
  4180 | D:4      | Got a pair of jewelled gloves
  4191 | D:4      | Identified the +1 pair of gloves of Dim Light {Stlth+} (You
                  | found it on level 4 of the Dungeon)
  4404 | D:4      | Found a staircase to the Ecumenical Temple.
  4413 | Temple   | Entered the Ecumenical Temple
  4862 | D:4      | Reached XP level 7. HP: 46/46 MP: 14/17
  5339 | D:5      | Entered Level 5 of the Dungeon
  5387 | D:5      | Found a glowing drain.
  5392 | Sewer    | Entered a sewer
  6661 | D:5      | Learned a level 3 spell: Conjure Flame
  6665 | D:5      | Learned a level 3 spell: Inner Flame
  6670 | D:5      | Learned a level 4 spell: Sticky Flame
  6676 | D:5      | Learned a level 5 spell: Fireball
  7016 | D:5      | Noticed a hungry ghost
  7032 | D:5      | Killed a hungry ghost
  7032 | D:5      | Reached skill level 8 in Spellcasting
  7567 | D:6      | Reached XP level 8. HP: 44/56 MP: 20/20
  8504 | D:7      | Reached skill level 5 in Fighting
  9426 | D:7      | Reached skill level 5 in Fire Magic
  9550 | D:7      | Reached skill level 9 in Spellcasting
  9550 | D:7      | Reached XP level 9. HP: 64/68 MP: 16/22
 10357 | D:7      | Reached skill level 5 in Conjurations
 10677 | Temple   | Became a worshipper of Vehumet
 10890 | D:8      | Found an ancient bone altar of Kikubaaqudgha.
 11020 | D:8      | Noticed a deep elf mage
 11041 | D:9      | Noticed a troll
 11046 | D:10     | Entered Level 10 of the Dungeon
 11245 | D:10     | Reached skill level 10 in Spellcasting
 11386 | D:10     | Found Saxeas's Antique Weapon Shop.
 12029 | D:10     | Found Omyiwn's Weapon Shop.
 12163 | D:10     | Reached XP level 10. HP: 74/74 MP: 18/24
 12197 | D:10     | Found a staircase to the Lair.
 12603 | D:10     | Reached * piety under Vehumet
 12603 | D:10     | Offered knowledge of Magic Dart by Vehumet.
 13474 | D:9      | Reached skill level 11 in Spellcasting
 13860 | D:9      | Found a transporter.
 13860 | D:9      | Noticed p0werm0de's ghost (novice DDFi)
 13861 | D:9      | Found a transporter.
 14808 | D:8      | Killed a deep elf mage
 15250 | D:8      | Reached ** piety under Vehumet
 15250 | D:8      | Offered knowledge of Shock by Vehumet.
 15438 | D:8      | Learned a level 1 spell: Shock
 15911 | D:8      | Found a roughly hewn altar of Beogh.
 15922 | D:8      | Offered knowledge of Dazzling Flash by Vehumet.
 16938 | D:11     | Reached *** piety under Vehumet
 17198 | D:11     | Noticed Nergalle
 17687 | D:11     | Killed Nergalle
 17883 | D:11     | Found a staircase to the Orcish Mines.
 17951 | D:11     | Reached XP level 11. HP: 79/79 MP: 17/26
 17958 | D:11     | Offered knowledge of Frozen Ramparts by Vehumet.
 18399 | D:12     | Noticed a deep elf mage
 18402 | D:12     | Killed a deep elf mage
 18402 | D:12     | Reached skill level 1 in Armour
 18414 | D:12     | Noticed a four-headed hydra
 18488 | D:12     | Noticed a two-headed ogre
 18497 | D:12     | Killed a two-headed ogre
 19149 | D:12     | Noticed Maurice
 19226 | D:12     | Killed a four-headed hydra
 19226 | D:12     | Reached skill level 5 in Armour
 19485 | D:12     | Noticed Nessos
 19931 | D:12     | Reached **** piety under Vehumet
 20093 | D:12     | Reached skill level 12 in Spellcasting
 20238 | D:12     | Offered knowledge of Iskenderun's Mystic Blast by Vehumet.
 20254 | D:11     | Learned a level 4 spell: Iskenderun's Mystic Blast
 20260 | D:12     | Killed Maurice
 20863 | D:12     | Shot with an arrow by Nessos

Illustrated notes

Levels and vault maps discovered:
D:1:      scummos_arrival_forest, layout_rooms
D:2:      layout_basic, makhleb_altar_promises_db, uniq_natasha
D:3:      layout_basic
D:4:      layout_cave_pods, minmay_temple_entry_crystal_x, first_ration,
          nrook_uturn, kennysheep_generic_room_11
D:5:      layout_basic, portal_sewer_entry_e
D:6:      layout_rooms, st_stairs_4, kennysheep_generic_room_3
D:7:      layout_basic, the_bakery
D:8:      corexii_shantytown, layout_gridville, nicolae_overflow_hidden_temple,
          special_room [special_room_orc], corner_web_ring
D:9:      layout_loops_ring, gammafunk_ghost_arena
D:10:     layout_grid_maze, grunt_lair_entry_orc_guard_hut, serial_shops,
          shop_coins, shop, minmay_gold_behind_fungi
D:11:     layout_rooms, david_orc_4, uniq_nergalle
D:12:     layout_long_grid, uniq_nessos, uniq_maurice
Temple:   kilobyte_greek_temple

Skill      XL: |  1  2  3  4  5  6  7  8  9 10 11 |
---------------+----------------------------------+-----
Spellcasting   | 3 4 5 6 7 8 9 10 11 12 | 12.2
Conjurations   | 1 2 3 4 6 7 8 |  8.0
Fire Magic     | 3 4 5 6 8 |  8.4
Fighting       | 2 5 |  5.1
Armour         | 6 |  6.0
Dodging        | |  1.5
Stealth        | |  1.5

Action                   |  1- 3 |  4- 6 |  7- 9 | 10-12 || total
-------------------------+-------+-------+-------+-------++-------
Melee: Dagger            |     2 |    14 |       |       ||    16
       Staff             |       |     1 |       |       ||     1
 Fire: Hunting sling     |       |    33 |   289 |    61 ||   383
 Cast: Foxfire           |    74 |   102 |   251 |   203 ||   630
       Conjure Flame     |       |       |    28 |    36 ||    64
       Sticky Flame      |       |       |    15 |    43 ||    58
       Fireball          |       |       |     1 |    90 ||    91
       Inner Flame       |       |       |     1 |    24 ||    25
       Shock             |       |       |       |    43 ||    43
  Use: Scroll            |       |     1 |    10 |     3 ||    14
 Stab: Sleeping          |       |     2 |       |       ||     2
Armor: Robe              |       |     7 |    43 |     9 ||    59
       Leather armour    |       |       |       |     3 ||     3
Dodge: Dodged            |     6 |    42 |   170 |   126 ||   344
